 Dungeon Crawl Stone Soup version 0.26.1-11-gd32895ea62 (webtiles) character file.

Game seed: 4921836071299489388

13585 Gwenloh the Tainter (level 12, -3/66 HPs)
             Began as a Tengu Venom Mage on May 29, 2021.
             Was an Elder of Nemelex Xobeh.
             Slain by a cane toad (22 damage)
             ... on level 1 of the Lair of Beasts.
             The game lasted 01:15:08 (16001 turns).

Gwenloh the Tainter (Tengu Venom Mage)             Turns: 16001, Time: 01:15:08

Health: -3/66      AC:  8    Str:  8    XL:     12   Next: 7%
Magic:  19/23      EV: 15    Int: 27    God:    Nemelex Xobeh [****..]
Gold:   809        SH:  0    Dex: 15    Spells: 11/24 levels left

rFire    . . .     SeeInvis .   m - +1 spear (vamp)
rCold    . . .     Faith    +   (no shield)
rNeg     . . .     Spirit   .   I - +0 steam dragon scales
rPois    .         Reflect  .   w - +1 hat
rElec    .         Harm     .   (no cloak)
rCorr    .         Rampage  .   i - +0 pair of gloves
Will     .....                  (boots unavailable)
Stlth    ++........             G - amulet of faith
HPRegen  0.21/turn              (no ring)
MPRegen  0.18/turn              y - +6 ring of intelligence

@: no status effects
A: beak, talons 3, able to fly
a: Fly, Renounce Religion, Draw Escape, Draw Destruction, Draw Summoning, Triple
Draw, Deal Four


You were on level 1 of the Lair of Beasts.
You worshipped Nemelex Xobeh.
Nemelex Xobeh was greatly pleased with you.
You visited 2 branches of the dungeon, and saw 12 of its levels.

You collected 809 gold pieces.

Inventory:

Hand Weapons
 m - a +1 vampiric spear (weapon)
 H - a +4 short sword of flaming
 L - a +2 spear of freezing
 M - the +4 dagger "Gabemp" {elec, rPois Will+ Int-5 Dex+9}
   (You found it on level 11 of the Dungeon)

   Occasionally, upon striking a foe, it can discharge electrical energy and
   cause terrible harm.
   It affects your intelligence (-5).
   It affects your dexterity (+9).
   It protects you from poison.
   It affects your willpower, your defense against some magical effects.
Missiles
 c - 3 curare-tipped darts
Armour
 i - a +0 pair of gloves (worn)
 w - a +1 hat (worn)
 I - +0 steam dragon scales (worn)
Magical Staves
 q - an uncursed staff of conjuration
Jewellery
 j - an uncursed ring of ice
 s - a +4 ring of slaying
 y - a +6 ring of intelligence (right hand)
 F - an uncursed amulet of the acrobat
 G - an amulet of faith (around neck)
 K - an uncursed ring of poison resistance
Wands
 A - a wand of digging (5)
 E - a wand of random effects (22)
 J - a wand of polymorph (8)
Scrolls
 b - 10 scrolls of remove curse
 d - 2 scrolls of identify
 e - 4 scrolls of blinking
 f - 2 scrolls of fog
 g - 4 scrolls of enchant armour
 k - 8 scrolls of teleportation
 r - 3 scrolls of fear
 t - 3 scrolls of amnesia
 D - 4 scrolls of enchant weapon
Potions
 a - a potion of magic {unknown}
 h - 4 potions of lignification
 l - 3 potions of curing
 n - 5 potions of mutation
 o - 3 potions of heal wounds
 p - a potion of degeneration {unknown}
 u - a potion of berserk rage {unknown}
 v - 4 potions of flight {unknown}
 x - 2 potions of invisibility {unknown}
 z - 3 potions of haste {unknown}
 B - 4 potions of brilliance {unknown}
 C - a potion of might {unknown}


   Skills:
 + Level 4.1 Fighting
 + Level 4.6 Armour
 + Level 5.2 Dodging
 - Level 2.0 Stealth
 - Level 6.7 Spellcasting
 - Level 3.9 Conjurations
 - Level 1.0 Transmutations
 - Level 3.0 Fire Magic
 + Level 10.7 Air Magic
 + Level 11.2 Poison Magic
 * Level 6.7 Invocations


You had 11 spell levels left.
You knew the following spells:

 Your Spells              Type           Power        Failure   Level
a - Sting                 Tmut/Pois      100%         1%          1
b - Poisonous Vapours     Pois/Air       100%         1%          2
c - Mephitic Cloud        Conj/Pois/Air  53%          1%          3
d - Ignite Poison         Fire/Tmut/Pois 36%          2%          3
e - Olgreb's Toxic Radia  Pois           62%          1%          4

Your spell library contained the following spells:

 Spells                   Type           Power        Failure   Level
 Animate Skeleton         Necr           18%          6%          1
 Apportation              Tloc           18%          6%          1
 Corona                   Hex            10%          6%          1
 Sandblast                Erth           18%          6%          1
 Summon Small Mammal      Summ           36%          6%          1
 Passwall                 Tmut/Erth      9%           8%          2
 Stone Arrow              Conj/Erth      38%          8%          3
 Petrify                  Tmut/Erth      11%          43%         4
 Lee's Rapid Deconstruct  Erth           4%           86%         5


Dungeon Overview and Level Annotations

Branches:
Dungeon (11/15)            Temple (0/1) D:6            Lair (1/6) D:11
    Orc: D:9-12

Altars:
Gozag
Nemelex Xobeh
Sif Muna

Shops:
D:7 *

Portals:
Abyss: D:6

Annotations:
D:6 2 transporters, T2blue's ghost, novice FeCj
D:7 1 runed translucent door, Olive's ghost, journeyman HuWn
D:11 3 runed translucent doors, 15bullets's ghost, journeyman DrCj


Innate Abilities, Weirdness & Mutations

You have a beak for a mouth.
You have claws for feet.
You can fly continuously.


Message History

The sting hits the cane toad.
The cane toad partially resists.
The cane toad is lightly wounded.
The cane toad stings you!!
You hit the cane toad but do no damage. Your peck misses the cane toad.
The cane toad is lightly wounded.
The cane toad stings you!
Casting: Sting (safe; 1% risk of failure)
Confirm with . or Enter, or press ? or * to list all spells.
You ignite the poison in your surroundings!
The cane toad seems to burn from within!!
The cane toad is almost dead.
The cane toad stings you. The cane toad stings you!
* * * LOW HITPOINT WARNING * * *
You draw a card...
You have drawn Pain.
Press: ? - help, Shift-Dir - straight line, f/p - cane toad
Aim: a cane toad (almost dead)
The cane toad convulses!
The cane toad stings you!!
You die...
Your body glows with a rainbow of weird colours and disappears.

.....†..........###.######.......
.###.#.....................†..###
. ...#................#....#..#..
≈....#...........≈.........+..#..
≈....#........≈≈≈≈≈≈..........#..
.....#......≈≈≈≈≈≈≈≈.[.....#.....
............≈≈≈≈≈≈≈≈≈..#.P#......
...#..###≈≈≈≈≈≈F≈≈≈..........##
...#..# #≈≈≈≈≈@≈≈≈≈≈...........
#+#... #≈.≈≈≈≈≈≈≈≈≈≈........ ..
.... ##≈≈≈≈≈≈≈≈≈≈.##.##
#..≈≈≈≈≈≈≈≈.# ##..≈≈≈≈≈≈.#.#
##.≈≈≈.≈.## # #.......# #.......#


You could see a cane toad.

Vanquished Creatures
  Harold (D:8)
  A two-headed ogre (D:10)
  2 unseen horrors (D:11)
  2 ugly things
  A cyclops (D:11)
  2 cane toads
  Psyche (D:8)
  A gargoyle (D:11)
  Maggie (D:7)
  A komodo dragon (Lair:1)
  4 trolls
  A polar bear (Lair:1)
  A blink frog (Lair:1)
  5 yaks (D:10)
  A wraith (D:10)
  6 humans (D:8)
  Duvessa (D:7)
  A water moccasin (Lair:1)
  A black bear (D:8)
  3 orc warriors
  An ice beast (D:8)
  4 sky beasts
  2 necrophages (D:8)
  3 phantoms
  7 ogres
  5 centaurs
  A big kobold (D:7)
  A gnoll sergeant (D:9)
  5 bullfrogs
  Dowan (D:7)
  A wyvern skeleton (D:7)
  4 scorpions
  A water moccasin skeleton (D:11)
  6 wights (D:8)
  4 howler monkeys
  3 bullfrog zombies
  4 jellies
  10 orc priests
  A bullfrog skeleton (D:9)
  3 hounds
  18 orc wizards
  5 iguanas
  4 worker ants
  A killer bee zombie (D:8)
  2 hound skeletons
  2 mummies (D:8)
  4 worker ant zombies
  2 howler monkey skeletons
  9 adders
  9 gnolls
  2 shadow imps (D:5)
  2 white imps
  An ooze (D:3)
  An ufetubus (D:5)
  2 adder zombies
  An adder skeleton (D:5)
  4 worms
  5 dart slugs
  10 leopard geckos
  36 orcs
  A ball python (D:3)
  12 giant cockroaches
  6 hobgoblins
  19 jackals
  12 kobolds
  2 quokkas
  5 bats
  3 frilled lizards
  6 goblins
  A leopard gecko skeleton (D:4)
  9 rats
300 creatures vanquished.

Vanquished Creatures (others)
  A fungus (Lair:1)
  14 plants
  3 withered plants (D:8)
18 creatures vanquished.

Grand Total: 318 creatures vanquished

Notes
Turn   | Place    | Note
-------+----------+-------------------------------------------
     0 | D:1      | Gwenloh the Tengu Venom Mage began the quest for the Orb.
     0 | D:1      | Reached XP level 1. HP: 10/10 MP: 4/4
   192 | D:1      | Reached skill level 1 in Transmutations
   206 | D:1      | Reached XP level 2. HP: 7/15 MP: 4/6
   209 | D:1      | Learned a level 2 spell: Poisonous Vapours
   814 | D:1      | Reached XP level 3. HP: 19/19 MP: 4/7
   818 | D:1      | Learned a level 3 spell: Mephitic Cloud
   872 | D:1      | Reached skill level 1 in Air Magic
  1431 | D:2      | Found a sparkling altar of Nemelex Xobeh.
  1459 | D:2      | Found an opulent altar of Gozag.
  1473 | D:2      | Became a worshipper of Nemelex Xobeh the Trickster
  1675 | D:2      | Reached skill level 1 in Conjurations
  1776 | D:2      | Reached XP level 4. HP: 24/24 MP: 6/8
  2041 | D:2      | Reached skill level 4 in Poison Magic
  2791 | D:3      | Gained mutation: You can fly continuously. [Tengu growth]
  2791 | D:3      | Reached XP level 5. HP: 28/28 MP: 4/10
  3480 | D:3      | Learned a level 3 spell: Ignite Poison
  3783 | D:4      | Reached * piety under Nemelex Xobeh
  3891 | D:4      | Noticed an ogre
  3906 | D:3      | Reached XP level 6. HP: 17/32 MP: 0/11
  4074 | D:4      | Reached skill level 5 in Poison Magic
  4409 | D:4      | Reached XP level 7. HP: 36/36 MP: 4/13
  4834 | D:4      | Learned a level 4 spell: Olgreb's Toxic Radiance
  5167 | D:5      | Entered Level 5 of the Dungeon
  5167 | D:5      | Received a gift from Nemelex Xobeh
  5385 | D:5      | Reached skill level 6 in Poison Magic
  5443 | D:5      | Reached skill level 1 in Fire Magic
  5494 | D:5      | Reached XP level 8. HP: 18/41 MP: 2/15
  5773 | D:5      | Reached ** piety under Nemelex Xobeh
  5955 | D:5      | Reached skill level 5 in Air Magic
  6457 | D:5      | Reached skill level 7 in Poison Magic
  7037 | D:6      | Found a staircase to the Ecumenical Temple.
  7117 | D:6      | Found a shimmering blue altar of Sif Muna.
  7135 | D:6      | Noticed a troll
  7148 | D:6      | Killed a troll
  7349 | D:6      | Found a transporter.
  7391 | D:6      | Found a transporter.
  7917 | D:6      | Found a one-way gate to the infinite horrors of the Abyss.
  7917 | D:6      | Noticed T2blue's ghost (novice FeCj)
  7952 | D:7      | Received a gift from Nemelex Xobeh
  7992 | D:7      | Noticed Duvessa
  8005 | D:7      | Killed Duvessa
  8006 | D:7      | Reached skill level 5 in Spellcasting
  8006 | D:7      | Reached XP level 9. HP: 45/45 MP: 10/17
  8008 | D:7      | Noticed Dowan
  8014 | D:7      | Killed Dowan
  8015 | D:7      | Reached skill level 8 in Poison Magic
  8026 | D:7      | Noticed Maggie
  8129 | D:7      | Killed Maggie
  8581 | D:7      | Found a runed translucent door.
  8596 | D:7      | Reached skill level 1 in Invocations
  8615 | D:7      | Noticed Olive's ghost (journeyman HuWn)
  8800 | D:7      | Reached skill level 9 in Poison Magic
  8860 | D:7      | Received a gift from Nemelex Xobeh
  8874 | D:7      | Found Bigg's Assorted Antiques.
  8968 | D:7      | Reached *** piety under Nemelex Xobeh
  9372 | D:8      | Reached XP level 10. HP: 50/50 MP: 11/20
  9731 | D:8      | Noticed Harold
 10062 | D:8      | Noticed Psyche
 10071 | D:8      | Killed Psyche
 10081 | D:8      | Reached skill level 10 in Poison Magic
 10459 | D:8      | Killed Harold
 10679 | D:8      | Reached skill level 1 in Armour
 10684 | D:8      | Reached skill level 1 in Fighting
 11021 | D:8      | Received a gift from Nemelex Xobeh
 11459 | D:9      | Reached **** piety under Nemelex Xobeh
 11790 | D:9      | Received a gift from Nemelex Xobeh
 11821 | D:9      | Reached XP level 11. HP: 26/57 MP: 9/22
 12268 | D:9      | Received a gift from Nemelex Xobeh
 12588 | D:10     | Entered Level 10 of the Dungeon
 12737 | D:10     | Reached skill level 5 in Invocations
 12831 | D:10     | Noticed a two-headed ogre
 12836 | D:10     | Killed a two-headed ogre
 13103 | D:10     | Received a gift from Nemelex Xobeh
 13199 | D:10     | Got a fading morningstar
 13200 | D:10     | Identified the +3 morningstar of Qoehodgha {pain, rC+ rN+
                  | Str-3} (You found it on level 10 of the Dungeon)
 13330 | D:11     | Noticed a brown ugly thing
 13342 | D:10     | Killed a brown ugly thing
 13343 | D:10     | Reached skill level 10 in Air Magic
 13630 | D:11     | Killed an unseen horror
 13701 | D:11     | Noticed a cyclops
 13841 | D:11     | Killed an unseen horror
 13945 | D:11     | Noticed 15bullets's ghost (journeyman DrCj)
 13946 | D:11     | Noticed a storm dragon
 13947 | D:11     | Noticed an ogre mage
 13948 | D:11     | Found a runed translucent gate.
 13948 | D:11     | Found a runed translucent gate.
 13948 | D:11     | Found a runed translucent gate.
 13989 | D:11     | Received a gift from Nemelex Xobeh
 14013 | D:11     | Got a steaming dagger
 14014 | D:11     | Identified the +4 dagger "Gabemp" {elec, rPois Will+ Int-5
                  | Dex+9} (You found it on level 11 of the Dungeon)
 14188 | D:11     | Found a staircase to the Lair.
 14352 | D:11     | Reached skill level 11 in Poison Magic
 14782 | D:11     | Noticed a white ugly thing
 14801 | D:11     | Killed a white ugly thing
 14944 | D:11     | Killed a cyclops
 15268 | Lair:1   | Entered Level 1 of the Lair of Beasts
 15408 | Lair:1   | Reached skill level 5 in Dodging
 15467 | Lair:1   | Reached XP level 12. HP: 66/66 MP: 15/23
 16001 | Lair:1   | Slain by a cane toad

Illustrated notes

Levels and vault maps discovered:
D:1:      nicolae_arrival_memento_mori, layout_rooms, kennysheep_crisscross,
          minmay_misc_feat_more_columns, minmay_misc_feat_nine_boxes
D:2:      layout_basic, nemelex_xobeh_ov_fountains_minmay,
          nicolae_gozag_cash_rules_everything_around_me
D:3:      layout_rooms
D:4:      layout_rooms, gup_sewer_entry_pipe
D:5:      wad_river_or_something, layout_rooms
D:6:      layout_rooms, minmay_temple_entry_purple_smoke, basic_altar,
          gammafunk_ghost_abyssal_escape
D:7:      layout_cave_pools, ebering_ghost_reflecting_pool, serial_shops, shop,
          uniq_duvessa, uniq_maggie
D:8:      layout_loops_ring, serial_undead, serial_undead_d, serial_undead_c,
          serial_undead_e, serial_undead_f, minmay_ruffians, uniq_psyche,
          uniq_harold
D:9:      layout_gridville
D:10:     layout_small_grid, minmay_misc_feat_diagonals
D:11:     layout_irregular_city, dpeg_oklobed_lair, gammafunk_ghost_split
Lair:1:   layout_chaotic_city, pond, grunt_megastairs_3,
          infiniplex_staircase_pool_2, minmay_lair_oklob_chamber

Skill      XL: |  1  2  3  4  5  6  7  8  9 10 11 12 |
---------------+-------------------------------------+-----
Transmutations | 1 |  1.0
Air Magic      | 1 2 3 4 6 8 9 10 | 10.7
Conjurations   | 1 2 3 |  3.9
Poison Magic   | 4 5 6 7 9 10 11 | 11.2
Spellcasting   | 3 4 5 6 |  6.7
Fire Magic     | 1 3 |  3.0
Invocations    | 2 4 6 |  6.7
Armour         | 2 4 |  4.6
Fighting       | 1 3 4 |  4.1
Dodging        | 3 5 |  5.2
Stealth        | |  2.0

Action                   |  1- 3 |  4- 6 |  7- 9 | 10-12 || total
-------------------------+-------+-------+-------+-------++-------
Melee: Peck              |     2 |     9 |    17 |    21 ||    49
       Unarmed           |     1 |       |       |       ||     1
       Club              |     6 |       |       |       ||     6
       Kick              |     3 |    15 |    28 |    34 ||    80
       Dagger            |       |     9 |       |       ||     9
       Staff             |       |    37 |    76 |       ||   113
       Short sword       |       |       |    25 |    72 ||    97
       Spear             |       |       |       |    77 ||    77
 Cast: Sting             |    18 |    23 |    46 |    48 ||   135
       Poisonous Vapours |    27 |    43 |    58 |    68 ||   196
       Ignite Poison     |       |     7 |    34 |    40 ||    81
       Mephitic Cloud    |       |     5 |    12 |    17 ||    34
       Olgreb's Toxic Ra |       |       |     6 |    20 ||    26
Invok: Draw Destruction  |       |       |       |     8 ||     8
       Triple Draw       |       |       |       |     2 ||     2
  Use: Scroll            |       |     5 |     5 |     3 ||    13
       Potion            |       |       |       |     2 ||     2
 Stab: Confused          |       |     2 |       |     1 ||     3
       Distracted        |       |       |     1 |       ||     1
       Sleeping          |       |       |       |     1 ||     1
Armor: Robe              |     4 |    15 |    18 |       ||    37
       Steam dragon scal |       |       |     7 |    32 ||    39
Dodge: Dodged            |     8 |    57 |    85 |    99 ||   249
